 Seeded DCSS version 0.32-a0-481-g9ce6b88 (webtiles) character file.

Game seed: 7942559003663619627 (custom seed)

382 brinewave the Grave Robber (level 6, 0/62 HPs)
             Began as an Oni Necromancer on Feb 25, 2024.
             Was an Initiate of Yredelemnul.
             Slain by Grinder (8 damage)
             ... while paralysed by Grinder
             ... on level 3 of the Dungeon.
             The game lasted 00:20:48 (4532 turns).

brinewave the Grave Robber (Oni Necromancer)        Turns: 4532, Time: 00:20:49

Health: 0/62       AC:  4    Str: 13    XL:     6   Next: 76%
Magic:  12/12      EV:  1    Int: 18    God:    Yredelemnul [......]
Gold:   82         SH:  0    Dex:  9    Spells: 9/13 levels left

rFire   . . .        e - +0 dagger
rCold   . . .        (no shield)
rNeg    . . .        a - +1 robe
rPois   .            (helmet restricted)
rElec   .            (no cloak)
rCorr   .            (gloves unavailable)
SInv    .            (boots unavailable)
Will    .....        (no amulet)
Stlth   ++           q - +4 ring of slaying
HPRegen 0.30/turn    (no ring)
MPRegen 0.13/turn

%: no passive effects
@: paralysed, wreathed by umbra
A: large, unfitting armour, horns 1, tough skin 1, double potion healing,
drunken brawling
a: Renounce Religion, Light the Black Torch, Recall Undead Harvest


You were on level 3 of the Dungeon.
You worshipped Yredelemnul.
Yredelemnul was noncommittal.
You visited 2 branches of the dungeon, and saw 5 of its levels.

You collected 82 gold pieces.

Inventory:

Hand Weapons
 e - a +0 dagger (weapon)
Missiles
 d - 12 poisoned darts
 f - 13 stones
Armour
 a - a +1 robe (worn)
Jewellery
 q - a +4 ring of slaying (left hand)
Wands
 l - a wand of paralysis (10)
 n - a wand of polymorph (1)
 o - a wand of mindburst (23)
 p - a wand of flame (24)
Scrolls
 c - a scroll of fog
 g - a scroll of brand weapon
 h - 3 scrolls of teleportation
 k - 3 scrolls of fear
 m - a scroll of silence
Potions
 b - a potion of magic
 i - a potion of attraction
 j - a potion of lignification
 r - a potion of brilliance {unknown}


   Skills:
 + Level 4.1 Fighting
 + Level 3.4 Dodging
 - Level 1.4 Stealth
 + Level 4.3 Spellcasting
 + Level 4.7 Necromancy


You had 9 spell levels left.
You knew the following spells:

 Your Spells              Type           Power      Damage    Failure   Level
a - Necrotise             Necr           84%        1d8       1%          1
b - Vampiric Draining     Necr           21%        2d7       6%          3

Your spell library contained the following spells:

 Spells                   Type           Power      Damage    Failure   Level
 Call Canine Familiar     Summ           3%         N/A       38%         3
 Sigil of Binding         Hex            3%         N/A       38%         3
 Curse of Agony           Necr           21%        N/A       50%         5
 Dimensional Bullseye     Hex/Tloc       1%         N/A       80%         4
 Animate Dead             Necr           Unusable   N/A       N/A         4

Dungeon Overview and Level Annotations

Branches:
Dungeon (4/15)             Temple (1/1) D:4

Altars:
Ashenzari
Cheibriados
Dithmenos
Fedhas
Gozag
Hepliaklqana
Makhleb
Nemelex Xobeh
Okawaru
Qazlal
Ru
Sif Muna
Uskayaw
Vehumet
Wu Jian
Xom
Yredelemnul
Zin
The Shining One

Shops:
D:1 (

Annotations:
D:3 Grinder


Innate Abilities, Weirdness & Mutations

You are too large for most types of armour.
You have a pair of small horns on your head.
You have tough skin. (AC +1)
You gain doubled healing and magic from potions.
Whenever you drink a healing potion, you attack all around you.


Message History

Hit: e) +0 dagger
Press: ? - help, Dir - move target, f/p - Grinder
Aim: Grinder (severely wounded, ally target, umbra, about 37% to evade your +0 dagger)
You hit Grinder.
Grinder is severely wounded.
Grinder misses you.
Your rat zombie closely misses Grinder.
Hit: e) +0 dagger
Press: ? - help, Dir - move target, f/p - Grinder
Aim: Grinder (severely wounded, ally target, umbra, about 37% to evade your +0 dagger)
You hit Grinder.
Grinder is severely wounded.
Grinder hits you.
* * * LOW HITPOINT WARNING * * *
Hit: e) +0 dagger
Press: ? - help, Dir - move target, f/p - Grinder
Aim: Grinder (severely wounded, ally target, umbra, about 37% to evade your +0 dagger)
You barely miss Grinder. You headbutt Grinder.
Grinder is severely wounded.
Your rat zombie bites Grinder.
Grinder hits your rat zombie.
Hit: e) +0 dagger
Press: ? - help, Dir - move target, f/p - Grinder
Aim: Grinder (almost dead, not watching you, ally target, umbra, about 37% to evade your +0 dagger)
You hit Grinder. You headbutt Grinder.
Grinder is almost dead.
Your rat zombie bites Grinder but does no damage.
Grinder gestures at you.
You suddenly lose the ability to move!
Your rat zombie closely misses Grinder.
Grinder barely misses you.
Grinder rolls her eyes.
Grinder hits you.
* * * LOW HITPOINT WARNING * * *
You writhe in agony.
* * * LOW HITPOINT WARNING * * *
Your rat zombie misses Grinder.
Grinder hits you.
* * * LOW HITPOINT WARNING * * *
Your rat zombie closely misses Grinder.
Grinder hits you!
You die...
Grinder sighs, "Dead already?
I want a refund."
Your body rises from the dead as a mindless zombie.

####.#...# ###.#>.##..≈≈≈..# #.
.......#.# #.....###.......# #.
...##.##.###.##.###..##.######.
#...<.##.....##.##......# #..
..............#.##.###### #.#
...................# #####.####
................#..#####.....#...
................##...##>.####.[#
........^.......@.......###...##
...............5#####..## #....##
...............Z######)# ##.....#
.......................###Z......
#......................#.........
...#######.#.............#.......
.#.#.....#.#....................#
...#._.<.#...#..........#.......#
...#.....#.......................


You could see Grinder (ally target) and a friendly rat zombie.

Vanquished Creatures
  A scorpion (D:4)
  Ijyb (D:3)
  Terence (D:3)
  An iguana (D:4)
  An orc wizard (D:4)
  4 gnolls
  6 adders
  3 dart slugs
  3 orcs (D:4)
  6 ball pythons
  6 bats
  9 endoplasms
  4 giant cockroaches
  2 goblins
  8 hobgoblins
  7 quokkas
  2 frilled lizards
  4 kobolds
  7 rats
76 creatures vanquished.

Vanquished Creatures (collateral kills)
  A hound (D:4)
  An adder (D:4)
  A dart slug (D:4)
  A ribbon worm (D:2)
  An endoplasm (D:2)
  A goblin (D:4)
6 creatures vanquished.

Vanquished Creatures (others)
  An adder zombie (D:4)
  A ball python zombie (D:4)
  2 orc zombies (D:4)
4 creatures vanquished.

Grand Total: 86 creatures vanquished

Notes
Turn   | Place    | Note
-------+----------+-------------------------------------------
     0 | D:1      | brinewave the Oni Necromancer began the quest for the Orb.
     0 | D:1      | Reached XP level 1. HP: 16/16 MP: 3/3
     3 | D:1      | Noticed a vampire
     5 | D:1      | Noticed a draconian
     5 | D:1      | Noticed an elf
     7 | D:1      | Noticed a demonspawn
     7 | D:1      | Noticed a spriggan
     9 | D:1      | Noticed a naga
     9 | D:1      | Noticed a djinni
    11 | D:1      | Noticed a demigod
    11 | D:1      | Noticed a tengu
    15 | D:1      | Noticed an octopode
    15 | D:1      | Noticed a gargoyle
    17 | D:1      | Noticed a troll
    17 | D:1      | Noticed an oni
    19 | D:1      | Noticed a minotaur
    19 | D:1      | Noticed a vine stalker
    21 | D:1      | Noticed a ghoul
    21 | D:1      | Noticed an armataur
    23 | D:1      | Noticed a merfolk
    23 | D:1      | Noticed a human
    25 | D:1      | Noticed a dwarf
    27 | D:1      | Noticed a formicid
    27 | D:1      | Noticed a barachi
    29 | D:1      | Noticed a felid
   205 | D:1      | Reached XP level 2. HP: 26/26 MP: 1/5
   226 | D:1      | Reached skill level 1 in Fighting
  1034 | D:1      | Reached XP level 3. HP: 33/33 MP: 5/7
  1287 | D:1      | Found Feesigen's Weapon Shop.
  1476 | D:2      | Found a shimmering altar of Xom.
  1597 | D:2      | Reached XP level 4. HP: 20/42 MP: 1/8
  2606 | D:2      | Learned a level 3 spell: Vampiric Draining
  2638 | D:3      | Found a faded altar of an unknown god.
  2951 | D:3      | Noticed Terence
  2974 | D:3      | Killed Terence
  2975 | D:3      | Reached XP level 5. HP: 45/50 MP: 3/10
  3077 | D:3      | Noticed Grinder
  3172 | D:3      | Found a shimmering blue altar of Sif Muna.
  3173 | D:3      | Noticed Ijyb
  3183 | D:3      | Killed Ijyb
  3411 | D:4      | Found a staircase to the Ecumenical Temple.
  3422 | Temple   | Entered the Ecumenical Temple
  3433 | Temple   | Became a worshipper of Yredelemnul the Fallen
  3615 | D:4      | Found a shimmering altar of Xom.
  3640 | D:4      | Reached XP level 6. HP: 57/61 MP: 7/11
  4258 | D:4      | Found a broken altar of Ashenzari.
  4479 | D:3      | Paralysed by Grinder for 5 turns
  4528 | D:3      | Paralysed by Grinder for 5 turns
  4532 | D:3      | Slain by Grinder

Illustrated notes

Levels and vault maps discovered:
D:1:      kb_arrival_jail, layout_loops_ring, serial_shops, shop,
          grunt_decor_arrowhead, minmay_misc_feat_iff
D:2:      layout_basic, basic_altar, chequers_serial_rivers_micro_b,
          kennysheep_potato
D:3:      layout_rooms, mainiacjoe_overflow_catwalk,
          nicolae_ecumenical_oubliette, uniq_ijyb, uniq_terence, uniq_grinder
D:4:      layout_basic, mainiacjoe_overflow_chevrons,
          lemuel_coloured_pillars_altar, minmay_temple_entry_tees
Temple:   eino_temple_scatter_basement

Skill      XL: |  1  2  3  4  5  6 |
---------------+-------------------+-----
Fighting       | 1 2 3 4 |  4.1
Dodging        | 2 3 |  3.4
Spellcasting   | 3 4 |  4.3
Necromancy     | 4 |  4.7
Stealth        | |  1.4

Action                     |  1- 3 |  4- 6 || total
---------------------------+-------+-------++-------
  Melee: Unarmed           |    13 |       ||    13
         Headbutt          |     1 |    10 ||    11
         Dagger            |     3 |    47 ||    50
  Throw: Dart              |       |     1 ||     1
   Cast: Necrotise         |    69 |    92 ||   161
         Vampiric Draining |       |    14 ||    14
 Invoke: Light the Black T |       |     2 ||     2
    Use: Scroll            |       |     9 ||     9
   Stab: Distracted        |       |     1 ||     1
 Armour: Robe              |    23 |    55 ||    78
  Dodge: Dodged            |    15 |    43 ||    58

Table legend: (Time is in decaauts)
 A = Elapsed time spent in this place.
 B = Non-inter-level travel time spent in this place.
 C = Inter-level travel time spent in this place.
 D = Time resting spent in this place.
 E = Time spent auto-exploring this place.
 F = Levels seen in this place.
 G = Mean time per level.
                   A        B        C        D        E       F      G
               +--------+--------+--------+--------+--------+-----+--------+
         Total |   4531 |   4341 |    190 |    384 |   2973 |   5 |  906.2 |
       Dungeon |   4416 |   4243 |    173 |    294 |   2971 |   4 | 1104.0 |
        Temple |    115 |     98 |     17 |     90 |      2 |   1 |  115.0 |
               +--------+--------+--------+--------+--------+-----+--------+

Top non-repeatable levels by time:
     D:1: 1387 daAuts
     D:2: 1324 daAuts
     D:4: 970 daAuts
     D:3: 734 daAuts
  Temple: 115 daAuts
